Senators vs Sabres

Created - October 3 2009 at 12:28

Simulating a Pre-Season

Goals
1 2 3 T
Senators 1 1 0 2
Sabres 1 1 1 3
Shots
1 2 3 T
Senators 13 3 7 23
Sabres 4 8 11 23

Period #1

1. Sabres , Nathan Horton 1 (Ossi Vaananen) at 3:37
2. Senators , Martin St. Louis 1 (Ray Whitney, Robert Lang) at 11:05

Penalties :
Nicklas Lidstrom (BUF) for Tripping (Minor) at 0:07, Keith Ballard (BUF) for Hooking (Minor) at 4:24, Mark Recchi (OTT) for Hooking (Minor) at 7:55, Keith Ballard (BUF) for Interference (Minor) at 12:04, Dustin Byfuglien (BUF) for Holding (Minor) at 14:04, Keith Ballard (BUF) for High sticking (Minor) at 16:48, Freddy Meyer (OTT) for Tripping (Minor) at 19:12

Period #2

3. Senators , Kevin Bieksa 1 (Ray Whitney, Martin St. Louis) at 2:53 (PP)
4. Sabres , Henrik Zetterberg 1 (Derek Roy, Zdeno Chara) at 19:03 (PP)

Penalties :
Toni Lydman (BUF) for Hooking (Minor) at 1:47, Freddy Meyer (OTT) for High sticking (Minor) at 3:00, Paul Ranger (OTT) for Hooking (Minor) at 3:33, Kevin Bieksa (OTT) for Boarding (Minor) at 5:17, Paul Gaustad (BUF) for High sticking (Minor) at 8:09, Freddy Meyer (OTT) for High sticking (Minor) at 10:30, Kevin Bieksa (OTT) for Tripping (Minor) at 17:49

Period #3

5. Sabres , Zdeno Chara 1 (Johan Franzen, Nicklas Lidstrom) at 17:09

Penalties :
Paul Gaustad (BUF) for Hooking (Minor) at 2:59, Kevin Bieksa (OTT) for Roughing (Minor) at 18:17

Goalie Stats

Carey Price (OTT), 20 saves from 23 shots - (0.870), L, 0-1-0, 60:00 minutes
Ryan Miller (BUF), 21 saves from 23 shots - (0.913), W, 1-0-0, 60:00 minutes

Players Stats

Senators
Player Name              G  A  P  +/- PIM S  H  SB FO    MP 
------------------------------------------------------------
Freddy Meyer             0  0  0  -1  6   0  1  0  0/0   17 
Fredrik Modin            0  0  0  -1  0   1  0  0  1/2   15 
Ilya Kovalchuk           0  0  0   0  0   3  1  0  2/3   20 
Jan Hejda                0  0  0   0  0   1  1  1  0/0   20 
Jay Bouwmeester          0  0  0  -1  0   1  3  1  0/0   24 
Karlis Skrastins         0  0  0  -1  0   0  0  0  0/0   15 
Kevin Bieksa             1  0  1   1  6   3  2  0  0/0   18 
Kris Draper              0  0  0  -1  0   0  0  1  4/7   6  
Mark Recchi              0  0  0  -1  2   3  1  1  0/0   16 
Martin St. Louis         1  1  2   1  0   4  0  0  0/2   22 
Paul Ranger              0  0  0   1  2   1  0  1  0/0   20 
Radek Martinek           0  0  0  -1  0   0  0  1  0/0   4  
Ray Whitney              0  2  2   1  0   1  0  0  0/1   14 
Rick Nash                0  0  0   0  0   0  2  0  1/7   21 
Robert Lang              0  1  1   1  0   0  1  0  11/19 14 
Sergei Fedorov           0  0  0  -1  0   2  0  0  7/13  14 
Sidney Crosby            0  0  0  -1  0   3  2  0  12/23 22 
Steve Bernier            0  0  0  -1  0   0  0  0  1/1   4  
Sabres
Player Name              G  A  P  +/- PIM S  H  SB FO    MP 
------------------------------------------------------------
Blake Comeau             0  0  0   1  0   0  1  0  1/1   14 
Derek Roy                0  1  1   0  0   1  0  0  13/21 17 
Dustin Byfuglien         0  0  0   0  2   1  0  0  1/1   13 
Henrik Zetterberg        1  0  1   0  0   4  2  1  8/20  22 
James Sheppard           0  0  0   0  0   0  0  0  6/12  10 
Jiri Novotny             0  0  0   0  0   0  1  0  1/1   10 
Johan Franzen            0  1  1   0  0   2  3  0  0/2   18 
Keith Ballard            0  0  0   0  6   2  4  1  0/0   22 
Kris Versteeg            0  0  0   0  0   0  0  1  0/0   2  
Mark Streit              0  0  0   0  0   2  1  0  0/0   22 
Martin Havlat            0  0  0   0  0   0  0  0  0/5   20 
Nathan Horton            1  0  1   1  0   3  0  0  9/15  17 
Nicklas Lidstrom         0  1  1   0  2   1  1  2  0/0   22 
Ossi Vaananen            0  1  1   1  0   1  2  0  0/0   10 
Paul Gaustad             0  0  0   1  4   2  3  0  0/0   15 
Thomas Vanek             0  0  0   0  0   1  0  0  0/0   7  
Toni Lydman              0  0  0   1  2   0  1  0  0/0   17 
Zdeno Chara              1  1  2   0  0   3  1  2  0/0   24 

3 Stars

1 - Martin St. Louis (OTT)
2 - Zdeno Chara (BUF)
3 - Henrik Zetterberg (BUF)

Power Play

Senators - 1 on 8 Attempt(s) - 12.50%
Sabres - 1 on 8 Attempt(s) - 12.50%

Penalty Kill

Senators - 7 on 8 Attempt(s) - 87.50% - Score 0 goal in Penalty Kill
Sabres - 7 on 8 Attempt(s) - 87.50% - Score 0 goal in Penalty Kill

Game Notes

Kris Versteeg is injured at 4:32 of 1st period (Chest/Ribs)

Play by Play

Period #1

0:01 of 1st period - Sidney Crosby wins face-off versus Henrik Zetterberg in neutral zone.
0:07 of 1st period - Minor Penalty to Nicklas Lidstrom for Tripping.
0:08 of 1st period - Derek Roy wins face-off versus Robert Lang in Sabres zone.
2:11 of 1st period - Shot by Mark Recchi.
2:11 of 1st period - Stopped by Ryan Miller with a rebound.
2:13 of 1st period - Shot by Mark Recchi.
2:13 of 1st period - Shot Misses the Net.
2:15 of 1st period - Shot by Sergei Fedorov.
2:15 of 1st period - Stopped by Ryan Miller without a rebound.
2:16 of 1st period - Jiri Novotny wins face-off versus Sergei Fedorov in Sabres zone.
2:35 of 1st period - Shot by Dustin Byfuglien.
2:35 of 1st period - Shot Misses the Net.
3:26 of 1st period - Johan Franzen is hit by Freddy Meyer and loses puck.
3:37 of 1st period - Shot by Nathan Horton.
3:37 of 1st period - Goal by Nathan Horton - Senators : 0 - Sabres : 1.
3:38 of 1st period - Nathan Horton wins face-off versus Sidney Crosby in neutral zone.
3:38 of 1st period - Toni Lydman is hit by Ilya Kovalchuk and loses puck.
4:09 of 1st period - Shot by Sidney Crosby.
4:09 of 1st period - Stopped by Ryan Miller without a rebound.
4:10 of 1st period - Robert Lang wins face-off versus Martin Havlat in Sabres zone.
4:21 of 1st period - Shot by Martin St. Louis.
4:21 of 1st period - Stopped by Ryan Miller with a rebound.
4:23 of 1st period - Shot by Kevin Bieksa.
4:23 of 1st period - Stopped by Ryan Miller without a rebound.
4:24 of 1st period - Kris Draper wins face-off versus James Sheppard in Sabres zone.
4:24 of 1st period - Minor Penalty to Keith Ballard for Hooking.
4:25 of 1st period - Robert Lang wins face-off versus Henrik Zetterberg in Sabres zone.
4:32 of 1st period - Shot by Ray Whitney.
4:32 of 1st period - Shot Blocked by Kris Versteeg.
4:32 of 1st period - Kris Versteeg from Sabres is injured at 4:32 of 1st period (Chest/Ribs).
4:33 of 1st period - Sidney Crosby wins face-off versus Henrik Zetterberg in Sabres zone.
4:38 of 1st period - Shot by Sidney Crosby.
4:38 of 1st period - Stopped by Ryan Miller without a rebound.
4:39 of 1st period - Robert Lang wins face-off versus Henrik Zetterberg in Sabres zone.
4:39 of 1st period - Ray Whitney is hit by Nicklas Lidstrom.
4:53 of 1st period - Shot by Robert Lang.
4:53 of 1st period - Shot Misses the Net.
4:55 of 1st period - Shot by Martin St. Louis.
4:55 of 1st period - Stopped by Ryan Miller without a rebound.
4:56 of 1st period - Sidney Crosby wins face-off versus Henrik Zetterberg in Sabres zone.
5:04 of 1st period - Ilya Kovalchuk is hit by Zdeno Chara.
5:26 of 1st period - Shot by Ilya Kovalchuk.
5:26 of 1st period - Stopped by Ryan Miller with a rebound.
5:30 of 1st period - Shot by Jay Bouwmeester.
5:30 of 1st period - Stopped by Ryan Miller without a rebound.
5:31 of 1st period - Robert Lang wins face-off versus Derek Roy in Sabres zone.
5:49 of 1st period - Shot by Ray Whitney.
5:49 of 1st period - Shot Misses the Net.
5:51 of 1st period - Shot by Kevin Bieksa.
5:51 of 1st period - Shot Misses the Net.
5:53 of 1st period - Shot by Ray Whitney.
5:53 of 1st period - Shot Misses the Net.
6:37 of 1st period - Shot by Mark Recchi.
6:37 of 1st period - Deflect By Sergei Fedorov.
6:37 of 1st period - Stopped by Ryan Miller without a rebound.
6:38 of 1st period - Henrik Zetterberg wins face-off versus Kris Draper in Sabres zone.
6:38 of 1st period - Henrik Zetterberg is hit by Sidney Crosby.
7:02 of 1st period - Shot by Henrik Zetterberg.
7:02 of 1st period - Shot Blocked by Radek Martinek.
7:04 of 1st period - Shot by Nicklas Lidstrom.
7:04 of 1st period - Stopped by Carey Price with a rebound.
7:06 of 1st period - Shot by Henrik Zetterberg.
7:06 of 1st period - Stopped by Carey Price without a rebound.
7:07 of 1st period - Sergei Fedorov wins face-off versus James Sheppard in Senators zone.
7:55 of 1st period - Minor Penalty to Mark Recchi for Hooking.
7:56 of 1st period - Derek Roy wins face-off versus Martin St. Louis in Senators zone.
7:56 of 1st period - Derek Roy is hit by Kevin Bieksa.
9:38 of 1st period - Toni Lydman is hit by Rick Nash and loses puck.
10:33 of 1st period - Off-side.
10:34 of 1st period - James Sheppard wins face-off versus Kris Draper in neutral zone.
10:41 of 1st period - Shot by Mark Streit.
10:41 of 1st period - Shot Blocked by Jay Bouwmeester.
10:55 of 1st period - Shot by Keith Ballard.
10:55 of 1st period - Stopped by Carey Price without a rebound.
10:56 of 1st period - Robert Lang wins face-off versus Johan Franzen in Senators zone.
11:05 of 1st period - Shot by Martin St. Louis.
11:05 of 1st period - Goal by Martin St. Louis - Senators : 1 - Sabres : 1.
11:06 of 1st period - Henrik Zetterberg wins face-off versus Sidney Crosby in neutral zone.
11:12 of 1st period - Henrik Zetterberg is hit by Jay Bouwmeester and loses puck.
11:18 of 1st period - Martin Havlat is hit by Jan Hejda and loses puck.
12:04 of 1st period - Minor Penalty to Keith Ballard for Interference.
12:05 of 1st period - Derek Roy wins face-off versus Robert Lang in Sabres zone.
12:05 of 1st period - Derek Roy is hit by Robert Lang.
12:45 of 1st period - Shot by Martin St. Louis.
12:45 of 1st period - Shot Misses the Net.
14:04 of 1st period - Minor Penalty to Dustin Byfuglien for Holding.
14:05 of 1st period - Ilya Kovalchuk wins face-off versus Derek Roy in Sabres zone.
14:05 of 1st period - Ilya Kovalchuk is hit by Keith Ballard.
15:13 of 1st period - Kevin Bieksa is hit by Blake Comeau and loses puck.
15:41 of 1st period - Henrik Zetterberg is hit by Sidney Crosby and loses puck.
15:58 of 1st period - Derek Roy is hit by Mark Recchi and loses puck.
16:08 of 1st period - Fredrik Modin is hit by Keith Ballard and loses puck.
16:36 of 1st period - Steve Bernier is hit by Keith Ballard.
16:47 of 1st period - Sidney Crosby is hit by Keith Ballard.
16:48 of 1st period - Minor Penalty to Keith Ballard for High sticking.
16:49 of 1st period - Robert Lang wins face-off versus Martin Havlat in Sabres zone.
17:44 of 1st period - Icing by Ilya Kovalchuk.
17:45 of 1st period - Sidney Crosby wins face-off versus Martin Havlat in Senators zone.
18:24 of 1st period - Off-side.
18:25 of 1st period - Derek Roy wins face-off versus Kris Draper in neutral zone.
18:46 of 1st period - Shot by Ilya Kovalchuk.
18:46 of 1st period - Stopped by Ryan Miller with a rebound.
18:48 of 1st period - Shot by Ilya Kovalchuk.
18:48 of 1st period - Shot Misses the Net.
18:50 of 1st period - Shot by Freddy Meyer.
18:50 of 1st period - Shot Blocked by Nicklas Lidstrom.
18:52 of 1st period - Shot by Mark Recchi.
18:52 of 1st period - Stopped by Ryan Miller without a rebound.
18:53 of 1st period - Sergei Fedorov wins face-off versus James Sheppard in Sabres zone.
19:12 of 1st period - Minor Penalty to Freddy Meyer for Tripping.
19:13 of 1st period - Derek Roy wins face-off versus Rick Nash in Senators zone.

Period #2

0:01 of 2nd period - Henrik Zetterberg wins face-off versus Sidney Crosby in neutral zone.
0:04 of 2nd period - Shot by Mark Streit.
0:04 of 2nd period - Shot Blocked by Jan Hejda.
0:43 of 2nd period - Shot by Mark Streit.
0:43 of 2nd period - Stopped by Carey Price without a rebound.
0:44 of 2nd period - Sidney Crosby wins face-off versus Derek Roy in Senators zone.
1:13 of 2nd period - Shot by Derek Roy.
1:13 of 2nd period - Stopped by Carey Price without a rebound.
1:14 of 2nd period - Nathan Horton wins face-off versus Sergei Fedorov in Senators zone.
1:47 of 2nd period - Minor Penalty to Toni Lydman for Hooking.
1:48 of 2nd period - Henrik Zetterberg wins face-off versus Sidney Crosby in Sabres zone.
1:59 of 2nd period - Shot by Rick Nash.
1:59 of 2nd period - Shot Misses the Net.
2:03 of 2nd period - Shot by Jan Hejda.
2:03 of 2nd period - Shot Blocked by Zdeno Chara.
2:26 of 2nd period - Ilya Kovalchuk is hit by Mark Streit and loses puck.
2:31 of 2nd period - Shot by Rick Nash.
2:31 of 2nd period - Deflect By Sidney Crosby.
2:31 of 2nd period - Shot Blocked by Keith Ballard.
2:33 of 2nd period - Shot by Jan Hejda.
2:33 of 2nd period - Stopped by Ryan Miller without a rebound.
2:34 of 2nd period - Derek Roy wins face-off versus Robert Lang in Sabres zone.
2:53 of 2nd period - Shot by Kevin Bieksa.
2:53 of 2nd period - Goal by Kevin Bieksa - Senators : 2 - Sabres : 1.
2:54 of 2nd period - James Sheppard wins face-off versus Sergei Fedorov in neutral zone.
3:00 of 2nd period - Minor Penalty to Freddy Meyer for High sticking.
3:01 of 2nd period - Derek Roy wins face-off versus Rick Nash in Senators zone.
3:12 of 2nd period - Shot by Zdeno Chara.
3:12 of 2nd period - Stopped by Carey Price with a rebound.
3:14 of 2nd period - Shot by Keith Ballard.
3:14 of 2nd period - Stopped by Carey Price without a rebound.
3:15 of 2nd period - Henrik Zetterberg wins face-off versus Rick Nash in Senators zone.
3:15 of 2nd period - Nicklas Lidstrom is hit by Kevin Bieksa and loses puck.
3:33 of 2nd period - Minor Penalty to Paul Ranger for Hooking.
3:34 of 2nd period - Sidney Crosby wins face-off versus Derek Roy in Senators zone.
3:34 of 2nd period - Sidney Crosby is hit by Henrik Zetterberg.
4:15 of 2nd period - Kris Draper is hit by Henrik Zetterberg and loses puck.
4:25 of 2nd period - Icing by Keith Ballard.
4:26 of 2nd period - Ilya Kovalchuk wins face-off versus Derek Roy in Sabres zone.
5:17 of 2nd period - Minor Penalty to Kevin Bieksa for Boarding.
5:18 of 2nd period - Sidney Crosby wins face-off versus Derek Roy in Senators zone.
5:43 of 2nd period - Martin Havlat is hit by Rick Nash and loses puck.
6:35 of 2nd period - Shot by Johan Franzen.
6:35 of 2nd period - Stopped by Carey Price with a rebound.
6:37 of 2nd period - Shot by Zdeno Chara.
6:37 of 2nd period - Stopped by Carey Price without a rebound.
6:38 of 2nd period - Nathan Horton wins face-off versus Rick Nash in Senators zone.
7:23 of 2nd period - Freddy Meyer is hit by Paul Gaustad and loses puck.
7:57 of 2nd period - Icing by Ossi Vaananen.
7:58 of 2nd period - Kris Draper wins face-off versus Henrik Zetterberg in Sabres zone.
8:09 of 2nd period - Minor Penalty to Paul Gaustad for High sticking.
8:10 of 2nd period - Derek Roy wins face-off versus Robert Lang in Sabres zone.
8:16 of 2nd period - Icing by Kevin Bieksa.
8:17 of 2nd period - Derek Roy wins face-off versus Martin St. Louis in Senators zone.
8:38 of 2nd period - Icing by Kevin Bieksa.
8:39 of 2nd period - Robert Lang wins face-off versus Henrik Zetterberg in Senators zone.
8:56 of 2nd period - Shot by Ray Whitney.
8:56 of 2nd period - Shot Blocked by Henrik Zetterberg.
9:11 of 2nd period - Icing by Ilya Kovalchuk.
9:12 of 2nd period - Sidney Crosby wins face-off versus Derek Roy in Senators zone.
10:15 of 2nd period - Off-side.
10:16 of 2nd period - Fredrik Modin wins face-off versus James Sheppard in neutral zone.
10:30 of 2nd period - Minor Penalty to Freddy Meyer for High sticking.
10:31 of 2nd period - Henrik Zetterberg wins face-off versus Rick Nash in Senators zone.
12:57 of 2nd period - Shot by Nathan Horton.
12:57 of 2nd period - Shot Misses the Net.
14:05 of 2nd period - Icing by Sidney Crosby.
14:06 of 2nd period - Kris Draper wins face-off versus Johan Franzen in Senators zone.
15:26 of 2nd period - Shot by Nathan Horton.
15:26 of 2nd period - Shot Misses the Net.
15:57 of 2nd period - Shot by Sidney Crosby.
15:57 of 2nd period - Stopped by Ryan Miller without a rebound.
15:58 of 2nd period - Henrik Zetterberg wins face-off versus Sergei Fedorov in Sabres zone.
16:42 of 2nd period - Off-side.
16:43 of 2nd period - Nathan Horton wins face-off versus Sidney Crosby in neutral zone.
16:53 of 2nd period - Icing by Ilya Kovalchuk.
16:54 of 2nd period - Sidney Crosby wins face-off versus Derek Roy in Senators zone.
17:49 of 2nd period - Minor Penalty to Kevin Bieksa for Tripping.
17:50 of 2nd period - Rick Nash wins face-off versus Nathan Horton in Senators zone.
18:57 of 2nd period - Shot by Zdeno Chara.
18:57 of 2nd period - Shot Misses the Net.
18:59 of 2nd period - Shot by Henrik Zetterberg.
18:59 of 2nd period - Deflect By Derek Roy.
18:59 of 2nd period - Shot Blocked by Kris Draper.
19:03 of 2nd period - Shot by Henrik Zetterberg.
19:03 of 2nd period - Goal by Henrik Zetterberg - Senators : 2 - Sabres : 2.
19:04 of 2nd period - Nathan Horton wins face-off versus Sergei Fedorov in neutral zone.
19:09 of 2nd period - Shot by Paul Gaustad.
19:09 of 2nd period - Stopped by Carey Price without a rebound.
19:10 of 2nd period - Nathan Horton wins face-off versus Fredrik Modin in Senators zone.
19:44 of 2nd period - Shot by Sergei Fedorov.
19:44 of 2nd period - Shot Misses the Net.

Period #3

0:01 of 3rd period - Sidney Crosby wins face-off versus Martin Havlat in neutral zone.
0:01 of 3rd period - Sidney Crosby is hit by Johan Franzen.
0:09 of 3rd period - Shot by Ilya Kovalchuk.
0:09 of 3rd period - Stopped by Ryan Miller without a rebound.
0:10 of 3rd period - Blake Comeau wins face-off versus Robert Lang in Sabres zone.
0:21 of 3rd period - Shot by Ossi Vaananen.
0:21 of 3rd period - Stopped by Carey Price with a rebound.
0:25 of 3rd period - Shot by Nathan Horton.
0:25 of 3rd period - Stopped by Carey Price without a rebound.
0:26 of 3rd period - Henrik Zetterberg wins face-off versus Sidney Crosby in Senators zone.
0:59 of 3rd period - Shot by Johan Franzen.
0:59 of 3rd period - Deflect By Henrik Zetterberg.
0:59 of 3rd period - Stopped by Carey Price without a rebound.
1:00 of 3rd period - Nathan Horton wins face-off versus Robert Lang in Senators zone.
1:05 of 3rd period - Shot by Paul Gaustad.
1:05 of 3rd period - Stopped by Carey Price without a rebound.
1:06 of 3rd period - Sergei Fedorov wins face-off versus James Sheppard in Senators zone.
1:22 of 3rd period - Shot by Jiri Novotny.
1:22 of 3rd period - Shot Misses the Net.
1:53 of 3rd period - Icing by Mark Streit.
1:54 of 3rd period - James Sheppard wins face-off versus Sidney Crosby in Sabres zone.
2:20 of 3rd period - Jay Bouwmeester is hit by Johan Franzen and loses puck.
2:58 of 3rd period - Icing by Paul Ranger.
2:59 of 3rd period - Robert Lang wins face-off versus Nathan Horton in Senators zone.
2:59 of 3rd period - Minor Penalty to Paul Gaustad for Hooking.
3:00 of 3rd period - Derek Roy wins face-off versus Ray Whitney in Sabres zone.
4:41 of 3rd period - Shot by Kevin Bieksa.
4:41 of 3rd period - Stopped by Ryan Miller without a rebound.
4:42 of 3rd period - Sidney Crosby wins face-off versus Henrik Zetterberg in Sabres zone.
4:57 of 3rd period - Shot by Rick Nash.
4:57 of 3rd period - Shot Blocked by Zdeno Chara.
5:59 of 3rd period - Steve Bernier is hit by Ossi Vaananen and loses puck.
7:05 of 3rd period - Shot by Johan Franzen.
7:05 of 3rd period - Stopped by Carey Price without a rebound.
7:06 of 3rd period - Sergei Fedorov wins face-off versus Nathan Horton in Senators zone.
7:06 of 3rd period - Sergei Fedorov is hit by Paul Gaustad.
7:16 of 3rd period - Shot by Mark Recchi.
7:16 of 3rd period - Stopped by Ryan Miller without a rebound.
7:17 of 3rd period - Robert Lang wins face-off versus Henrik Zetterberg in Sabres zone.
7:20 of 3rd period - Shot by Kevin Bieksa.
7:20 of 3rd period - Shot Misses the Net.
7:22 of 3rd period - Shot by Martin St. Louis.
7:22 of 3rd period - Stopped by Ryan Miller without a rebound.
7:23 of 3rd period - Sergei Fedorov wins face-off versus James Sheppard in Sabres zone.
7:57 of 3rd period - Icing by Mark Streit.
7:58 of 3rd period - James Sheppard wins face-off versus Robert Lang in Sabres zone.
8:50 of 3rd period - Icing by Paul Gaustad.
8:51 of 3rd period - Nathan Horton wins face-off versus Sidney Crosby in Sabres zone.
9:03 of 3rd period - Jay Bouwmeester is hit by Johan Franzen and loses puck.
9:08 of 3rd period - Shot by Zdeno Chara.
9:08 of 3rd period - Shot Misses the Net.
9:32 of 3rd period - Shot by Sidney Crosby.
9:32 of 3rd period - Shot Blocked by Nicklas Lidstrom.
10:42 of 3rd period - Freddy Meyer is hit by Paul Gaustad and loses puck.
10:46 of 3rd period - Icing by Freddy Meyer.
10:47 of 3rd period - Sergei Fedorov wins face-off versus Martin Havlat in Senators zone.
11:14 of 3rd period - Shot by Martin Havlat.
11:14 of 3rd period - Shot Misses the Net.
11:16 of 3rd period - Shot by Johan Franzen.
11:16 of 3rd period - Shot Blocked by Mark Recchi.
11:39 of 3rd period - Icing by Dustin Byfuglien.
11:40 of 3rd period - James Sheppard wins face-off versus Robert Lang in Sabres zone.
12:03 of 3rd period - Shot by Ray Whitney.
12:03 of 3rd period - Stopped by Ryan Miller without a rebound.
12:04 of 3rd period - Steve Bernier wins face-off versus Nathan Horton in Sabres zone.
12:04 of 3rd period - Jay Bouwmeester is hit by Toni Lydman and loses puck.
12:22 of 3rd period - Steve Bernier is hit by Ossi Vaananen and loses puck.
12:29 of 3rd period - Shot by Nathan Horton.
12:29 of 3rd period - Stopped by Carey Price without a rebound.
12:30 of 3rd period - Robert Lang wins face-off versus Henrik Zetterberg in Senators zone.
13:21 of 3rd period - Shot by Dustin Byfuglien.
13:21 of 3rd period - Stopped by Carey Price without a rebound.
13:22 of 3rd period - Nathan Horton wins face-off versus Sergei Fedorov in Senators zone.
13:31 of 3rd period - Shot by Nathan Horton.
13:31 of 3rd period - Shot Misses the Net.
14:02 of 3rd period - Icing by Ossi Vaananen.
14:03 of 3rd period - Sidney Crosby wins face-off versus Nathan Horton in Sabres zone.
14:29 of 3rd period - Icing by Rick Nash.
14:30 of 3rd period - James Sheppard wins face-off versus Sidney Crosby in Senators zone.
14:30 of 3rd period - James Sheppard is hit by Jay Bouwmeester.
15:02 of 3rd period - Jay Bouwmeester is hit by Jiri Novotny and loses puck.
15:37 of 3rd period - Shot by Fredrik Modin.
15:37 of 3rd period - Stopped by Ryan Miller with a rebound.
16:14 of 3rd period - Shot by Henrik Zetterberg.
16:14 of 3rd period - Stopped by Carey Price without a rebound.
16:15 of 3rd period - Robert Lang wins face-off versus Nathan Horton in Senators zone.
16:22 of 3rd period - Shot by Paul Gaustad.
16:22 of 3rd period - Shot Blocked by Paul Ranger.
16:24 of 3rd period - Shot by Toni Lydman.
16:24 of 3rd period - Shot Misses the Net.
16:55 of 3rd period - Shot by Ray Whitney.
16:55 of 3rd period - Deflect By Robert Lang.
16:55 of 3rd period - Shot Misses the Net.
16:57 of 3rd period - Shot by Paul Ranger.
16:57 of 3rd period - Stopped by Ryan Miller without a rebound.
16:58 of 3rd period - Kris Draper wins face-off versus Henrik Zetterberg in Sabres zone.
17:09 of 3rd period - Shot by Zdeno Chara.
17:09 of 3rd period - Goal by Zdeno Chara - Senators : 2 - Sabres : 3.
17:10 of 3rd period - Derek Roy wins face-off versus Sidney Crosby in neutral zone.
17:14 of 3rd period - Icing by Jan Hejda.
17:15 of 3rd period - Dustin Byfuglien wins face-off versus Ilya Kovalchuk in Senators zone.
17:28 of 3rd period - Shot by Mark Streit.
17:28 of 3rd period - Stopped by Carey Price without a rebound.
17:29 of 3rd period - Sergei Fedorov wins face-off versus Henrik Zetterberg in Senators zone.
18:02 of 3rd period - Shot by Sergei Fedorov.
18:02 of 3rd period - Shot Misses the Net.
18:17 of 3rd period - Minor Penalty to Kevin Bieksa for Roughing.
18:18 of 3rd period - Derek Roy wins face-off versus Rick Nash in Senators zone.
18:18 of 3rd period - Zdeno Chara is hit by Jay Bouwmeester and loses puck.
18:37 of 3rd period - Shot by Blake Comeau.
18:37 of 3rd period - Shot Misses the Net.
19:31 of 3rd period - Shot by Thomas Vanek.
19:31 of 3rd period - Stopped by Carey Price without a rebound.
19:32 of 3rd period - Derek Roy wins face-off versus Sidney Crosby in Senators zone.


Output by the SimonT Hockey Simulator (STHS) for Stephane Roy -- Original Page W3C XHTML 1.0 Valid